 Dungeon Crawl Stone Soup version 0.22.0-49-gab54619674 (webtiles) character file.

1051451 Americanboy the Axe Maniac (level 27, -2/245 HPs)
             Began as a Minotaur Fighter on Sept 3, 2018.
             Was a High Priest of Okawaru.
             Slain by a bennu (14 damage)
             ... on level 2 of the Tomb of the Ancients.
             The game lasted 04:54:25 (74264 turns).

Americanboy the Axe Maniac (Minotaur Fighter)      Turns: 74264, Time: 04:54:26

Health: -2/245     AC: 41    Str: 32    XL:     27
Magic:  36/36      EV: 21    Int: 22    God:    Okawaru [*****.]
Gold:   11157      SH: 44    Dex: 11    Spells: 41/55 levels left

rFire    + + .     SeeInvis .   s - +9 broad axe (chaos)
rCold    + + +     Gourm    .   K - +8 large shield {rC+}
rNeg     + + .     Faith    .   j - +10 plate armour "Wiaqah" {+Inv rElec Int+5 Stlth-}
rPois    +         Spirit   .   (helmet unavailable)
rElec    +         Reflect  +   M - scarf {rC+ rF+}
rCorr    .         Harm     .   F - +2 pair of gloves {Str+3}
MR       +++++                  l - +2 pair of boots {run}
Stlth    ..........             a - brooch of Shielding {Reflect SH+8}
HPRegen  1.50/turn              I - ring of Adduaf {rPois rF+ rN+ MR++ Int+4}
MPRegen  0.25/turn              Z - ring "Ataek" {rC+ rN+ MR+ Int+10 Stlth+}

@: heroism, very slightly contaminated, regenerating, slowed, invisible, very
slow
A: retaliatory headbutt, horns 3, icy blue scales 1, molten scales 1, slimy
green scales 1, blurry vision 2, deformed body, dopey 1, frail 1, low mp 1, weak
2
}: 9/15 runes: serpentine, barnacled, slimy, silver, iron, obsidian, icy, bone,
abyssal
a: Heroism, Finesse, Renounce Religion


You were on level 2 of the Tomb of the Ancients.
You worshipped Okawaru.
Okawaru was extremely pleased with you.
You were full.

You visited 17 branches of the dungeon, and saw 82 of its levels.
You visited the Abyss 2 times.

You collected 13796 gold pieces.
You spent 2639 gold pieces at shops.

Inventory:

Hand Weapons
 s - a +9 broad axe of chaos (weapon)
Missiles
 w - 7 throwing nets (quivered)
Armour
 j - the +10 plate armour "Wiaqah" (worn) {+Inv rElec Int+5 Stlth-}
   (You found it on level 3 of the Crypt)

   It affects your intelligence (+5).
   It insulates you from electricity.
   It lets you turn invisible.
   It makes you less stealthy.
 l - a +2 pair of boots of running (worn)
 v - the +3 ring mail of the Mantidfly {Regen+ rCorr Str+7 Dex-3}
   (Okawaru gifted it to you on level 2 of the Elven Halls)

   It affects your strength (+7).
   It affects your dexterity (-3).
   It increases your rate of regeneration.
   It provides partial protection from all sources of acid and corrosion.
 F - a +2 pair of gloves of strength (worn)
 K - a +8 large shield of cold resistance (worn)
 M - a scarf of resistance (worn)
 Y - the +2 hat of Curiosity {MR+ rCorr Str+5 Slay+3}
   (You bought it in a shop on level 1 of the Snake Pit)

   It affects your strength (+5).
   It affects your accuracy and damage with ranged weapons and melee attacks
   (+3).
   It affects your resistance to hostile enchantments.
   It provides partial protection from all sources of acid and corrosion.
Jewellery
 a - the brooch of Shielding (around neck) {Reflect SH+8}
   (You found it on level 1 of the Lair of Beasts)

   [amulet of reflection]

   It shields you and reflects attacks.
   It affects your SH (+8).
 q - the ring "Rirphareb" {+Blink rElec rN+ SInv Stlth+}
   (You found it on level 7 of Tartarus)

   [ring of positive energy]

   It insulates you from electricity.
   It protects you from negative energy.
   It lets you see invisible.
   It lets you blink.
   It makes you more stealthy.
 u - an uncursed amulet of regeneration
 I - the ring of Adduaf (left hand) {rPois rF+ rN+ MR++ Int+4}
   (You took it off a deep elf demonologist on level 3 of the Elven Halls)

   [ring of protection from fire]

   It affects your intelligence (+4).
   It protects you from fire.
   It protects you from poison.
   It protects you from negative energy.
   It affects your resistance to hostile enchantments.
 N - the ring "Wekastrei" {Wiz Int+5}
   (You took it off a deep elf elementalist on level 3 of the Elven Halls)

   [ring of wizardry]

   It improves your spell success rate.
   It affects your intelligence (+5).
 Z - the ring "Ataek" (right hand) {rC+ rN+ MR+ Int+10 Stlth+}
   (You found it on level 2 of the Elven Halls)

   [ring of positive energy]

   It affects your intelligence (+10).
   It protects you from cold.
   It protects you from negative energy.
   It affects your resistance to hostile enchantments.
   It makes you more stealthy.
Wands
 i - a wand of digging (34)
 o - a wand of iceblast (103)
 x - a wand of disintegration (66)
 B - a wand of polymorph (30)
 D - a wand of acid (10)
 E - a wand of clouds (9)
 U - a wand of enslavement (13)
Scrolls
 k - 25 scrolls of teleportation
 p - 24 scrolls of remove curse
 t - 2 scrolls of enchant weapon
 y - 3 scrolls of holy word
 A - 6 scrolls of fog
 H - 6 scrolls of blinking
 L - a scroll of identify
 O - 15 scrolls of magic mapping
 P - 3 scrolls of summoning
 S - 2 scrolls of silence
 V - 7 scrolls of fear
 W - 8 scrolls of enchant armour
Potions
 b - 6 potions of invisibility
 c - 7 potions of magic
 d - 11 potions of might
 e - 3 potions of agility
 g - 14 potions of lignification
 h - a potion of heal wounds
 m - 10 potions of cancellation
 n - 9 potions of brilliance
 r - 13 potions of flight
 C - 8 potions of haste
 G - 8 potions of curing
 J - 7 potions of resistance
 Q - 4 potions of berserk rage
 T - a potion of ambrosia
Miscellaneous
 R - a fan of gales
 X - a phantom mirror
Comestibles
 f - 40 rations


   Skills:
 O Level 27 Fighting
 O Level 27 Axes
   Level 6.3(11.3) Bows
 * Level 26.6(27) Armour
 * Level 21.4(26.4) Dodging
 - Level 0.5(5.5) Stealth
 O Level 27 Shields
 + Level 14.8 Spellcasting
 + Level 13.5 Charms
 + Level 10.4 Necromancy
 + Level 6.5 Translocations
 + Level 16.9 Invocations
 + Level 0.4 Evocations


You had 41 spell levels left.
You knew the following spells:

 Your Spells              Type           Power        Failure   Level  Hunger
a - Passwall              Tmut/Erth      ###.....     14%         2    None
c - Apportation           Tloc           #####.       1%          1    None
d - Blink                 Tloc           N/A          1%          2    None
g - Swiftness             Chrm/Air       #####...     1%          2    None
q - Shroud of Golubria    Chrm/Tloc      ######....   1%          2    None
r - Regeneration          Chrm/Necr      ######....   1%          3    None
s - Song of Slaying       Chrm           ######..     1%          2    None

Your spell library contained the following spells:

 Spells                   Type           Power        Failure   Level  Hunger
 Animate Skeleton         Necr           N/A          1%          1    None
 Infusion                 Chrm           ####         1%          1    None
 Pain                     Necr           ####         1%          1    None
 Corpse Rot               Necr           N/A          1%          2    None
 Sublimation of Blood     Necr           ######....   1%          2    None
 Gell's Gravitas          Tloc           #####.....   1%          3    None
 Lesser Beckoning         Tloc           #####.....   1%          3    None
 Ozocubu's Armour         Chrm/Ice       #####...     1%          3    None
 Spectral Weapon          Hex/Chrm       #####...     1%          3    None
 Teleport Other           Tloc           #####...     1%          3    None
 Vampiric Draining        Necr           ######....   1%          3    None
 Animate Dead             Necr           N/A          1%          4    None
 Excruciating Wounds      Chrm/Necr      ######....   1%          5    ###....
 Agony                    Necr           ######..     3%          5    ###....
 Dispel Undead            Necr           ######..     3%          5    ###....
 Passage of Golubria      Tloc           N/A          7%          4    None
 Portal Projectile        Hex/Tloc       ####..       8%          3    None
 Recall                   Summ/Tloc      N/A          8%          3    None
 Beastly Appendage        Tmut           ###...       10%         1    None
 Confusing Touch          Hex            ###...       10%         1    None
 Corona                   Hex            ###....      10%         1    None
 Flame Tongue             Conj/Fire      ###..        10%         1    None
 Freeze                   Ice            ###.         10%         1    None
 Magic Dart               Conj           ###.         10%         1    None
 Sandblast                Erth           ###...       10%         1    None
 Shock                    Conj/Air       ###.         10%         1    None
 Sting                    Conj/Pois      ###.         10%         1    None
 Summon Butterflies       Summ           ###.....     10%         1    None
 Summon Small Mammal      Summ           ###.         10%         1    None
 Call Imp                 Summ           ###.....     14%         2    None
 Ensorcelled Hibernation  Hex/Ice        ###...       14%         2    None
 Poisonous Vapours        Pois/Air       ###...       14%         2    None
 Searing Ray              Conj           ###...       14%         2    None
 Sticks to Snakes         Tmut           ###.....     14%         2    None
 Throw Flame              Conj/Fire      ###...       14%         2    None
 Force Lance              Conj/Tloc      ####....     26%         4    None
 Call Canine Familiar     Summ           ###.....     28%         3    None
 Confuse                  Hex            ###.....     28%         3    None
 Conjure Flame            Conj/Fire      ###.....     28%         3    None
 Dazzling Spray           Conj/Hex       ###...       28%         3    None
 Ignite Poison            Fire/Tmut/Pois ###.....     28%         3    None
 Inner Flame              Hex/Fire       ###.....     28%         3    None
 Mephitic Cloud           Conj/Pois/Air  ###.....     28%         3    None
 Spider Form              Tmut/Pois      ###.......   28%         3    None
 Static Discharge         Conj/Air       ###.....     28%         3    None
 Stone Arrow              Conj/Erth      ###...       28%         3    None
 Summon Guardian Golem    Hex/Summ       ###.....     28%         3    None
 Tukima's Dance           Hex            ###.....     28%         3    None
 Bolt of Draining         Conj/Necr      #####.....   32%         5    ###....
 Borgnjor's Vile Clutch   Necr/Erth      #####.....   32%         5    ###....
 Summon Forest            Summ/Tloc      ####......   56%         5    ###....
 Airstrike                Air            ###.......   67%         4    None
 Cause Fear               Hex            ###.......   67%         4    None
 Fulminant Prism          Conj/Hex       ###.......   67%         4    None
 Ice Form                 Ice/Tmut       ###.....     67%         4    None
 Iskenderun's Mystic Bla  Conj           ###.....     67%         4    None
 Leda's Liquefaction      Hex/Erth       ###.......   67%         4    None
 Olgreb's Toxic Radiance  Pois           ###.....     67%         4    None
 Petrify                  Tmut/Erth      ###.....     67%         4    None
 Sticky Flame             Conj/Fire      ###.....     67%         4    None
 Summon Ice Beast         Ice/Summ       ###.....     67%         4    None
 Summon Lightning Spire   Summ/Air       ###.....     67%         4    None
 Dispersal                Tloc           #####.....   71%         6    #####..
 Alistair's Intoxication  Tmut/Pois      ###.....     95%         5    ###....
 Aura of Abjuration       Summ           ###.......   95%         5    ###....
 Blade Hands              Tmut           ###.......   95%         5    ###....
 Bolt of Magma            Conj/Fire/Erth ###.......   95%         5    ###....
 Fireball                 Conj/Fire      ###.......   95%         5    ###....
 Irradiate                Conj/Tmut      ###.......   95%         5    ###....
 Lee's Rapid Deconstruct  Erth           ###.......   95%         5    ###....
 Lightning Bolt           Conj/Air       ###.......   95%         5    ###....
 Metabolic Englaciation   Hex/Ice        ###.......   95%         5    ###....
 Silence                  Hex/Air        ###.......   95%         5    ###....
 Summon Demon             Summ           ###.......   95%         5    ###....
 Summon Mana Viper        Hex/Summ       ###.....     95%         5    ###....
 Venom Bolt               Conj/Pois      ###.......   95%         5    ###....
 Yara's Violent Unravell  Hex/Tmut       ###.......   95%         5    ###....
 Ring of Flames           Chrm/Fire      #####.....   99%         7    ######.
 Bolt of Fire             Conj/Fire      ###.......   100%        6    #####..
 Darkness                 Hex            ###.......   100%        6    #####..
 Freezing Cloud           Conj/Ice/Air   ###.......   100%        6    #####..
 Hydra Form               Tmut           ###.......   100%        6    #####..
 Iron Shot                Conj/Erth      ###.......   100%        6    #####..
 Ozocubu's Refrigeration  Ice            ###.......   100%        6    #####..
 Shadow Creatures         Summ           N/A          100%        6    #####..
 Statue Form              Tmut/Erth      ###......    100%        6    #####..
 Dragon Form              Tmut           ###.......   100%        7    ######.
 Malign Gateway           Summ/Tloc      ####......   100%        7    ######.
 Monstrous Menagerie      Summ           ###.......   100%        7    ######.
 Summon Greater Demon     Summ           ###.......   100%        7    ######.
 Summon Hydra             Summ           ###.......   100%        7    ######.
 Controlled Blink         Tloc           N/A          100%        8    #######
 Disjunction              Tloc           #####.....   100%        8    #######
 Ignition                 Fire           ###.......   100%        8    #######
 Summon Horrible Things   Summ           ###.......   100%        8    #######
 Dragon's Call            Summ           ###.......   100%        9    #######
 Shatter                  Erth           ###.......   100%        9    #######
 Tornado                  Air            ###.......   100%        9    #######


Dungeon Overview and Level Annotations

Branches:
Dungeon (15/15)            Temple (1/1) D:5            Lair (6/6) D:8
 Shoals (4/4) Lair:3        Snake (4/4) Lair:2        Slime (5/5) Lair:6
    Orc (2/2) D:9             Elf (3/3) Orc:2        Vaults (5/5) D:14
  Crypt (3/3) Vaults:3       Tomb (2/3) Crypt:3      Depths (5/5) D:15
   Hell (1/1)                 Dis (7/7) Hell            Geh (7/7) Hell
    Coc (7/7) Hell            Tar (7/7) Hell            Zot (0/5) Depths:5

Altars:
Dithmenos
Elyvilon
Fedhas
Kikubaaqudgha
Makhleb
Nemelex Xobeh
Okawaru
Qazlal
Ru
Uskayaw
Wu Jian
Xom
Zin
The Shining One
Beogh
Jiyva

Shops:
D:5 :   D:11 }:*[   Orc:2 }!:   Elf:2 [   Shoals:3 %   Snake:1 [   Snake:3 [
Snake:4 ?:?   Vaults:2 }

Portals:
Hell: Depths:1 Depths:2 Depths:3 Depths:4 Depths:5
Abyss: Depths:1 Depths:4 Depths:5
Pandemonium: Depths:3
Ziggurat: Depths:2

Annotations:
Coc:7 exclusion: ice statue


Innate Abilities, Weirdness & Mutations

You reflexively headbutt those who attack you in melee.
You have a pair of large horns on your head.
You are partially covered in icy blue scales. (AC +2)
You are partially covered in molten scales. (AC +2)
You are partially covered in slimy green scales. (AC +2)
Scrolls take you longer to read.
Armour fits poorly on your strangely shaped body.
You are dopey. (Int -2)
You are frail. (-10% HP)
Your magical capacity is low. (-10% MP)
You are very weak. (Str -4)


Message History

The bennu barely misses you. The bennu claws you.
* * * LOW HITPOINT WARNING * * *
You block the bennu's attack. The bennu completely misses you.
The bennu misses you. The bennu pecks you!
* * * LOW HITPOINT WARNING * * *
The bennu completely misses you. x2; The bennu closely misses you.
The bennu misses you. The bennu claws you but does no damage.
The mummy priest utters an invocation to its god.
The bennu completely misses you. x2; The bennu misses you.
The bennu completely misses you. You furiously retaliate!
You headbutt the bennu!!
The bennu claws you but does no damage. x2
You begin reading the scroll.
You continue reading the scroll.
The chaos spawn degenerates into a cloud of primal chaos!
You block the bennu's attack. x3; The bennu misses you.
You block the bennu's attack. x2; The bennu completely misses you.
You block the bennu's attack. x2; The bennu pecks you but does no damage.
The bennu claws you but does no damage. The bennu completely misses you.
The mummy priest prays to its god.
The bennu closely misses you. The bennu claws you!
You die...

(........MMM†)...'^..
#....$....4M##ZMW#...
......###MM.#
.#...###4WnZ#
#..###...M.#
....##......# ...
......MM# ...s..bb#
..M..Zb@#######
#########.....#
......^#.M....#
.....^^?^.....#
......^#)....^#
.......#..v...#
###############


You could see a greater mummy, 3 bennus, 2 mummy priests, a flayed ghost, 4
guardian mummies, a freezing wraith, a spectral shadow dragon, a spectral
snapping turtle, a chaos spawn, a death scarab, a necrophage (wandering) and a
quicksilver dragon zombie.

Vanquished Creatures
  Antaeus (Coc:7)
  Asmodeus (Geh:7)
  the Royal Jelly (Slime:5)
  Ereshkigal (Tar:7)
  Khufu (Crypt:2)
  Dispater (Dis:7)
  9 ancient liches
  Mara (Vaults:2)
  4 greater mummies
  7 shard shrikes
  Saint Roka (Vaults:3)
  Xtahua (Depths:5)
  Bai Suzhen (Crypt:1)
  Geryon (Hell)
  2 caustic shrikes (Depths:3)
  5 golden dragons
  Nikola (Shoals:1)
  Jory (Crypt:2)
  10 bone dragons
  5 doom hounds
  14 Tzitzimimeh
  17 Brimstone Fiends
  7 iron giants (Dis:7)
  9 Ice Fiends
  6 tentacled monstrosities
  12 Hell Sentinels (Dis:7)
  A shard shrike skeleton (Crypt:1)
  Asterion (Vaults:3)
  2 deep elf blademasters (Elf:3)
  2 quicksilver dragons
  11 liches
  8 titans
  8 ancient champions (Dis:7)
  A deep elf master archer (Elf:3)
  17 sphinxes
  9 tentacled starspawn
  Murray (Hell)
  24 acid blobs
  Frances (D:14)
  An Executioner (Abyss:3)
  2 krakens (Shoals:3)
  4 eldritch tentacles
  6 shadow dragons
  A thorn hunter (Abyss:4)
  Gastronok (Lair:2)
  4 storm dragons
  Polyphemus (Shoals:3)
  5 tengu reavers
  13 azure jellies
  15 iron dragons
  A daeva (Abyss:3)
  Ilsuiw (Shoals:4)
  16 fire giants
  7 nagarajas
  A revenant (Hell)
  17 frost giants
  14 balrugs
  8 cacodemons
  4 deep elf sorcerers
  An iron dragon (shapeshifter) (Depths:5)
  A draconian shifter (Abyss:3)
  Louise (Depths:4)
  18 vault wardens
  5 ghouls
  20 ironheart preservers
  2 elemental wellsprings
  6 deep elf elementalists
  A curse skull (Crypt:3)
  2 spriggan defenders
  A draconian annihilator (Depths:5)
  15 war gargoyles
  The ghost of Hepraf the Fencer, a journeyman MiMo of Gozag (Lair:5)
  48 reapers
  12 vampire knights
  26 stone giants
  27 very ugly things
  3 entropy weavers
  Nessos (D:13)
  6 deep elf demonologists (Elf:3)
  6 bennus (Tomb:2)
  A lorocyproca (Hell)
  8 deep elf annihilators
  The ghost of Geinyojo the Severer, a journeyman MiBe of Trog (Lair:5)
  3 spark wasps
  11 deep elf death magi
  7 merfolk javelineers
  5 eidola
  19 blizzard demons
  4 merfolk impalers
  3 quicksilver dragon zombies
  7 death oozes
  14 fire dragons
  6 mummy priests
  Snorg (Lair:5)
  14 ettins
  18 jiangshi
  13 yaktaur captains
  A kraken zombie (Coc:6)
  Erolcha (D:13)
  6 deep elf high priests
  9 great orbs of eyes
  Harold (D:7)
  29 ice dragons
  14 ogre magi
  17 hydras
  10 rakshasas
  The ghost of Footeic the Cleaver, a journeyman DsGl of Makhleb (Orc:1)
  A hell beast (Hell)
  40 vault guards
  7 spriggan air magi
  6 quicksilver dragon skeletons
  22 naga warriors
  Erica (Orc:1)
  An ice dragon (shapeshifter) (Slime:5)
  7 merfolk aquamancers
  3 catoblepae
  3 ghost crabs
  3 merfolk avatars (Shoals:4)
  2 alligator snapping turtles
  9 death knights
  11 deep troll shamans
  37 two-headed ogres
  25 dancing weapons
  16 centaur warriors
  4 alligators (Depths:4)
  39 hell hogs
  14 anacondas
  5 titan zombies
  A satyr (shapeshifter) (Vaults:1)
  3 satyrs
  18 vampire magi
  12 death yaks
  18 death scarabs (Tomb:2)
  The ghost of spandex3 the Basher, a novice DsAK of Lugonu (Orc:2)
  12 deep troll earth magi
  A shock serpent (shapeshifter) (Depths:5)
  4 orc high priests (Orc:2)
  8 tengu warriors
  64 hell knights
  4 thrashing horrors
  11 iron golems
  7 spriggan berserkers
  29 deep elf knights
  9 shock serpents
  24 sun demons
  20 naga sharpshooters
  Nergalle (Lair:2)
  11 soul eaters
  Sonja (D:12)
  7 storm dragon skeletons
  4 salamander mystics
  A fire crab (shapeshifter) (Vaults:3)
  A fire crab (Vaults:3)
  3 storm dragon zombies
  6 wretched stars
  4 titan skeletons
  148 skeletal warriors
  5 golden dragon zombies
  A deep troll (shapeshifter) (Depths:3)
  A sixfirhy (Depths:3)
  A glowing orange brain (shapeshifter) (Vaults:4)
  5 unseen horrors
  14 iron trolls
  6 shadow wraiths
  20 large abominations
  6 spatial maelstroms
  A death drake (shapeshifter) (Depths:5)
  7 ghost moth zombies
  5 glowing orange brains
  40 deep trolls
  6 anaconda zombies
  8 shadow demons
  3 swamp dragons
  14 sea snakes
  37 flayed ghosts
  17 ironbrand convokers
  A kraken simulacrum (Coc:2)
  8 naga ritualists
  15 deep elf archers
  5 golden dragon skeletons
  30 phantasmal warriors
  4 anaconda skeletons
  16 orc knights
  6 iron dragon zombies
  27 harpies
  16 necromancers
  A lindwurm (Lair:6)
  7 wizards
  A lindwurm (shapeshifter) (Vaults:5)
  10 wolf spiders
  5 oklob plants
  3 shadow dragon zombies
  63 deep elf magi
  16 mana vipers
  14 fire giant zombies
  8 orc sorcerers
  A statue (Abyss:5)
  A cyclops (shapeshifter) (Vaults:3)
  8 wolf spider zombies
  6 shadow dragon skeletons
  9 frost giant zombies
  11 manticores
  5 shining eyes
  20 salamanders
  A manticore (shapeshifter) (Depths:3)
  24 fauns
  8 stone giant zombies
  59 ugly things
  2 fauns (shapeshifter)
  3 tengu skeletons
  5 worldbinders
  9 cyclopes
  15 merfolk sirens
  34 black mambas
  A salamander (shapeshifter) (Depths:2)
  8 dire elephant zombies
  A guardian serpent (shapeshifter) (Depths:5)
  5 centaur zombies
  24 rust devils
  7 stone giant skeletons
  10 elephants
  Maurice (Orc:1)
  17 smoke demons
  5 water nymphs
  6 iron dragon skeletons
  An elephant (shapeshifter) (Slime:4)
  2 apocalypse crabs
  12 guardian serpents
  28 naga magi
  15 vault sentinels
  A shock serpent zombie (Geh:5)
  3 eyes of devastation (shapeshifter)
  2 eyes of devastation (Slime:1)
  6 fire giant skeletons
  8 frost giant skeletons
  7 gargoyles
  An orange demon (Hell)
  12 spiny frogs
  A yellow draconian zombie (Tar:6)
  An ice statue (Coc:7)
  A torpor snail (Lair:6)
  16 molten gargoyles
  An emperor scorpion zombie (Coc:7)
  A catoblepas zombie (Coc:3)
  6 dire elephant skeletons
  47 hellions
  37 ice devils
  33 freezing wraiths
  4 rime drakes
  2 shock serpent skeletons
  A komodo dragon (shapeshifter) (Depths:3)
  A purple draconian zombie (Crypt:2)
  An anaconda simulacrum (Hell)
  15 efreet
  A demonic crawler (Hell)
  4 komodo dragons
  7 guardian mummies (Tomb:1)
  2 rime drakes (shapeshifter)
  40 tormentors
  42 yaktaurs
  12 hydra zombies
  4 harpy zombies
  2 black draconian skeletons
  A merfolk (shapeshifter) (Depths:5)
  30 red devils
  2 silent spectres
  4 tengu conjurers
  10 ancient zymes
  3 catoblepas skeletons
  2 jumping spiders (shapeshifter) (Depths:5)
  A death drake zombie (Crypt:1)
  A jumping spider (Vaults:2)
  2 polar bears (shapeshifter)
  6 trolls
  A polar bear (Lair:6)
  7 hornets
  2 wind drakes (shapeshifter)
  A tyrant leech (shapeshifter) (Vaults:5)
  34 merfolk
  105 slime creatures
  7 hydra skeletons
  A slime creature (shapeshifter) (Vaults:5)
  3 wind drakes
  18 blink frogs
  7 harpy skeletons
  5 bog bodies
  17 hippogriffs
  9 alligator zombies
  10 snapping turtles
  3 dream sheep (Lair:6)
  2 blink frogs (shapeshifter)
  2 raiju (shapeshifter)
  3 raiju
  10 fire dragon zombies
  A hippogriff (shapeshifter) (Vaults:1)
  6 ice dragon zombies
  11 ettin zombies
  3 redbacks (Vaults:2)
  2 black mamba zombies
  13 fire dragon skeletons
  3 air elementals
  131 flying skulls
  6 ynoxinuls
  2 tarantellas (shapeshifter)
  19 water elementals
  5 ettin skeletons
  3 spriggans
  44 wraiths
  51 shadows
  3 alligator skeletons
  5 black mamba skeletons
  26 yaks
  8 ice dragon skeletons
  A basilisk (shapeshifter) (Depths:3)
  7 wyverns
  6 fire bats
  4 neqoxecs
  A yak (shapeshifter) (Vaults:3)
  7 ushabtiu
  32 fire elementals
  A human (shapeshifter) (Abyss:4)
  5 chaos spawn
  A steam dragon (D:9)
  11 golden eyes
  5 basilisks
  A wind drake skeleton (Crypt:2)
  Grum (D:8)
  Menkaure (D:4)
  9 hungry ghosts
  3 swamp worms (Depths:4)
  72 nagas
  8 spatial vortices
  An acid dragon (Vaults:2)
  A spectral spiny frog (Geh:1)
  A harpy simulacrum (Coc:7)
  16 small abominations
  2 swamp worms (shapeshifter)
  5 wargs
  3 soldier ants
  A soldier ant (shapeshifter) (Vaults:4)
  10 spiny frog zombies
  A floating eye (Depths:3)
  14 water moccasins
  106 hell hounds
  2 hydra simulacra (Hell)
  7 porcupines
  A merfolk skeleton (Geh:5)
  3 black bears
  44 orc warriors
  8 sky beasts
  An eye of draining (shapeshifter) (Depths:5)
  4 spiny frog skeletons
  2 swamp drakes (Depths:4)
  10 ice beasts
  2 swamp dragon zombies
  8 phantoms
  23 necrophages
  6 eyes of draining
  A manticore zombie (Tomb:1)
  2 snapping turtle zombies
  An alligator simulacrum (Hell)
  10 boggarts
  32 ogres
  17 centaurs
  2 snapping turtle skeletons
  28 wolves
  4 swamp dragon skeletons
  2 manticore skeletons
  14 crocodiles
  A rime drake zombie (Crypt:2)
  4 big kobolds
  Blork the orc (D:6)
  2 elf zombies
  18 bullfrogs
  A wyvern zombie (D:14)
  2 elf skeletons
  A hippogriff skeleton (Crypt:1)
  A spiny frog simulacrum (Coc:6)
  A water moccasin zombie (D:10)
  6 earth elementals
  4 scorpions
  2 scorpions (shapeshifter)
  2 wyvern skeletons
  A shapeshifter zombie (Crypt:1)
  A spriggan zombie (Geh:1)
  22 killer bees
  A water moccasin skeleton (D:12)
  A spriggan skeleton (Geh:5)
  A troll zombie (Tomb:1)
  83 wights
  A polar bear skeleton (Crypt:1)
  2 troll skeletons
  4 electric eels
  18 crimson imps
  A human zombie (Tar:4)
  2 quasits
  2 bullfrog zombies
  30 starcursed masses
  5 hounds
  23 orc wizards
  A bullfrog skeleton (D:8)
  2 gnoll shamans
  21 orc priests
  26 iron imps
  6 jellies
  3 iguanas
  6 centaur skeletons
  7 hell rats (Hell)
  8 worker ants
  2 human skeletons
  A centaur simulacrum (Hell)
  An ogre zombie (Geh:2)
  A crocodile zombie (Crypt:2)
  3 ogre skeletons
  A hound skeleton (Crypt:2)
  30 mummies
  A howler monkey zombie (D:10)
  12 gnolls
  A howler monkey skeleton (D:6)
  15 adders
  16 shadow imps
  12 white imps
  An ufetubus (Abyss:4)
  An ooze (D:6)
  An adder zombie (D:10)
  An adder skeleton (D:5)
  2 worms (D:2)
  A barachi skeleton (Crypt:1)
  2 dart slugs
  A leopard gecko (shapeshifter) (Vaults:5)
  7 leopard geckos
  128 orcs
  2 ball pythons
  4 bats
  7 giant cockroaches
  7 goblins
  A hobgoblin (shapeshifter) (Vaults:5)
  11 hobgoblins
  15 jackals
  7 quokkas
  A ball python zombie (Crypt:1)
  5 frilled lizards
  22 kobolds
  A kobold skeleton (Geh:1)
  A leopard gecko skeleton (Crypt:2)
  An orc skeleton (Crypt:2)
  An orc zombie (Geh:6)
  10 rats
  A river rat zombie (Crypt:2)
  4 briar patches (Abyss:4)
  2 bushes (Lair:2)
  A butterfly (Lair:2)
  2 fire vortices (Geh:1)
  2 fungi
  2 lurking horrors
  31 plants
  11 starspawn tentacles
  8 tentacles
4530 creatures vanquished.

Vanquished Creatures (collateral kills)
  3 bone dragons (Tar:6)
  A spark wasp (Depths:5)
  A spriggan air mage (Depths:5)
  A vampire mage (Tar:6)
  A skeletal warrior (Tar:6)
  A wolf spider (Vaults:4)
  A flying skull (Tar:6)
  A necrophage (Tar:6)
10 creatures vanquished.

Vanquished Creatures (others)
  A Hell Sentinel (Dis:7)
  A deep elf master archer (Elf:3)
  A tengu reaver (Vaults:5)
  A storm dragon (Vaults:5)
  A revenant (Tomb:2)
  A war gargoyle (Vaults:5)
  2 elemental wellsprings
  2 stone giants
  3 merfolk javelineers (Shoals:4)
  A blizzard demon (Coc:7)
  6 yaktaur captains
  A hydra (Coc:7)
  An ice dragon (Coc:7)
  3 centaur warriors
  2 satyrs
  6 death scarabs (Tomb:2)
  2 hell hogs (Geh:3)
  A naga sharpshooter (Snake:4)
  A shock serpent (Slime:3)
  A deep elf knight (Elf:2)
  A flayed ghost (Geh:4)
  3 deep elf archers
  A golden dragon skeleton (Geh:3)
  A wolf spider zombie (Geh:7)
  A wolf spider (Vaults:5)
  A deep elf mage (Elf:2)
  A faun (Shoals:1)
  An apocalypse crab (Abyss:5)
  A freezing wraith (Coc:3)
  A tormentor (Tar:7)
  A harpy zombie (Tomb:2)
  A merfolk (Shoals:4)
  A harpy skeleton (Geh:7)
  A hydra skeleton (Geh:7)
  An ettin zombie (Dis:7)
  3 flying skulls (Tomb:2)
  A shadow (Geh:4)
  A water elemental (Coc:2)
  2 nagas (Snake:4)
  2 hell hounds
  A snapping turtle zombie (Tar:7)
  A swamp dragon zombie (Geh:5)
  A boggart (Depths:5)
  A necrophage (Tar:3)
  3 wights
  2 iron imps (Dis:7)
  A jelly (D:14)
  2 orcs (D:9)
  4 briar patches (Abyss:4)
  2 bushes (Lair:6)
  A fire vortex (Coc:1)
  30 fungi
  A lurking horror (Abyss:3)
  48 plants
  11 starspawn tentacles
  15 tentacles
  10 toadstools (Lair:2)
  9 withered plants (Crypt:3)
207 creatures vanquished.

Grand Total: 4747 creatures vanquished

Notes
Turn   | Place    | Note
-------+----------+-------------------------------------------
     0 | D:1      | Americanboy the Minotaur Fighter began the quest for the
                  | Orb.
     0 | D:1      | Reached XP level 1. HP: 19/19 MP: 0/0
    66 | D:1      | Reached XP level 2. HP: 15/27 MP: 1/1
   343 | D:1      | Reached XP level 3. HP: 33/33 MP: 2/2
   851 | D:2      | Reached XP level 4. HP: 33/40 MP: 3/3
  1195 | D:2      | Found a faded altar of an unknown god.
  1489 | D:3      | Reached skill level 1 in Dodging
  1489 | D:3      | Reached XP level 5. HP: 23/47 MP: 4/4
  1936 | D:3      | Reached skill level 5 in Axes
  2337 | D:4      | Noticed Menkaure
  2337 | D:4      | Noticed an ogre
  2341 | D:4      | Killed an ogre
  2341 | D:4      | Reached XP level 6. HP: 55/55 MP: 5/5
  2346 | D:4      | Killed Menkaure
  2346 | D:4      | Reached skill level 5 in Fighting
  2357 | D:4      | Reached skill level 5 in Shields
  2358 | D:4      | Reached skill level 5 in Armour
  2393 | D:4      | Reached XP level 7. HP: 45/61 MP: 6/6
  2785 | D:4      | Found an ancient bone altar of Kikubaaqudgha.
  3005 | D:5      | Entered Level 5 of the Dungeon
  3150 | D:5      | Reached XP level 8. HP: 65/69 MP: 7/7
  3164 | D:5      | Found Ydwi's Book Emporium.
  3608 | D:5      | Found a staircase to the Ecumenical Temple.
  3647 | Temple   | Entered the Ecumenical Temple
  3709 | Temple   | Became a worshipper of Warmaster Okawaru
  4230 | D:6      | Noticed Blork the orc
  4240 | D:6      | Killed Blork the orc
  4338 | D:6      | Reached * piety under Okawaru
  5042 | D:7      | Reached skill level 10 in Axes
  5042 | D:7      | Reached XP level 9. HP: 67/78 MP: 6/8
  5133 | D:7      | Noticed Harold
  5172 | D:7      | Killed Harold
  5172 | D:7      | Reached ** piety under Okawaru
  5776 | D:7      | Reached *** piety under Okawaru
  5998 | D:8      | Noticed a two-headed ogre
  6005 | D:8      | Killed a two-headed ogre
  6005 | D:8      | Reached **** piety under Okawaru
  6005 | D:8      | Reached skill level 1 in Invocations
  6005 | D:8      | Reached XP level 10. HP: 74/88 MP: 6/9
  6153 | D:8      | Noticed a two-headed ogre
  6157 | D:8      | Killed a two-headed ogre
  6306 | D:8      | Noticed a two-headed ogre
  6314 | D:8      | Killed a two-headed ogre
  6654 | D:8      | Reached ***** piety under Okawaru
  6793 | D:8      | Noticed Grum
  6807 | D:8      | Killed Grum
  7109 | D:8      | Found a staircase to the Lair.
  7381 | D:9      | Reached XP level 11. HP: 88/97 MP: 8/11
  7645 | D:9      | Reached skill level 15 in Axes
  7974 | D:9      | Found a roughly hewn altar of Beogh.
  7974 | D:9      | Found a staircase to the Orcish Mines.
  8263 | Lair:1   | Entered Level 1 of the Lair of Beasts
  8263 | Lair:1   | Found the brooch of Shielding {Reflect SH+8}
  8263 | Lair:1   | Noticed a five-headed hydra
  8270 | Lair:1   | Killed a nine-headed hydra
  8270 | Lair:1   | Reached skill level 10 in Fighting
  8470 | Lair:1   | Noticed an eight-headed hydra
  8490 | Lair:1   | Killed a 13-headed hydra
  8501 | Lair:1   | HP: 5/101 [porcupine (7)]
  8502 | Lair:1   | HP: 1/101 [porcupine (4)]
  8845 | Lair:1   | Noticed Nergalle
  9615 | Lair:2   | Noticed a four-headed hydra
  9625 | Lair:2   | Killed a six-headed hydra
  9625 | Lair:2   | Reached XP level 12. HP: 105/110 MP: 4/12
  9634 | Lair:2   | Found a staircase to the Snake Pit.
  9677 | Lair:2   | Got a fine rapier
  9678 | Lair:2   | Identified the +3 rapier of Feac {venom, rF+ MR+} (You
                  | found it on level 2 of the Lair of Beasts)
  9720 | Lair:2   | You fall through a shaft!
  9721 | Lair:3   | Noticed a six-headed hydra
  9741 | Lair:3   | Killed an 11-headed hydra
  9741 | Lair:3   | Received a gift from Okawaru
  9791 | Lair:3   | Received a gift from Okawaru
  9880 | Lair:3   | HP: 2/110 [black mamba (12)]
 10281 | Lair:3   | Noticed a five-headed hydra
 10288 | Lair:3   | Killed a seven-headed hydra
 10490 | Lair:3   | Found a staircase to the Shoals.
 10634 | Lair:3   | Reached skill level 1 in Bows
 10877 | Lair:2   | Killed Nergalle
 10893 | Lair:2   | Noticed a four-headed hydra
 10898 | Lair:2   | Killed an eight-headed hydra
 10923 | Lair:2   | Found a blossoming altar of Fedhas.
 11116 | Lair:2   | Noticed Gastronok
 11125 | Lair:2   | Killed Gastronok
 11125 | Lair:2   | Reached XP level 13. HP: 82/119 MP: 11/14
 11934 | Lair:4   | HP: 2/119 [seven-headed hydra (9)]
 12526 | Lair:4   | Reached skill level 5 in Dodging
 13177 | Lair:5   | Received a gift from Okawaru
 15314 | Lair:5   | Found a runed gate.
 15316 | Lair:5   | Found a runed gate.
 15316 | Lair:5   | Found a runed gate.
 15328 | Lair:5   | Noticed Snorg
 15331 | Lair:5   | Killed Snorg
 15363 | Lair:5   | Noticed Hepraf's ghost (journeyman MiMo)
 15363 | Lair:5   | Noticed Geinyojo's ghost (journeyman MiBe)
 15376 | Lair:5   | Killed Hepraf's ghost
 15383 | Lair:5   | Killed Geinyojo's ghost
 15383 | Lair:5   | Reached skill level 5 in Bows
 15800 | Lair:6   | Entered Level 6 of the Lair of Beasts
 16686 | Lair:6   | Found a staircase to the Slime Pits.
 16942 | Lair:6   | Received a gift from Okawaru
 16942 | Lair:6   | Reached XP level 14. HP: 130/130 MP: 8/15
 17051 | Lair:6   | Reached skill level 10 in Armour
 17065 | Lair:6   | Received a gift from Okawaru
 18427 | Orc:1    | Entered Level 1 of the Orcish Mines
 18427 | Orc:1    | Noticed Erica
 18433 | Orc:1    | Killed Erica
 18479 | Orc:2    | Entered Level 2 of the Orcish Mines
 18757 | Orc:2    | Found a staircase to the Elven Halls.
 19011 | Orc:1    | Reached skill level 15 in Fighting
 19025 | Orc:1    | Noticed Maurice
 19031 | Orc:1    | Killed Maurice
 19100 | Orc:1    | Found a large runed door.
 19100 | Orc:1    | Found a large runed door.
 19187 | Orc:1    | Noticed Footeic's ghost (journeyman DsGl)
 19249 | Orc:1    | Killed Footeic's ghost
 19864 | Orc:2    | Received a gift from Okawaru
 19914 | Orc:2    | Found Ananuawa's Book Boutique.
 19914 | Orc:2    | Found Petyh's Gadget Shoppe.
 19944 | Orc:2    | Found a runed door.
 19949 | Orc:2    | Noticed spandex3's ghost (novice DsAK)
 20024 | Orc:2    | Found Kiumpec's Distillery.
 20024 | Orc:2    | Found Sych's Distillery.
 20032 | Orc:2    | Bought a potion of heal wounds for 65 gold pieces
 20032 | Orc:2    | Bought a potion of mutation for 104 gold pieces
 20032 | Orc:2    | Bought a potion of resistance for 130 gold pieces
 20032 | Orc:2    | Bought a potion of agility for 52 gold pieces
 20032 | Orc:2    | Bought a potion of might for 52 gold pieces
 20033 | Orc:2    | Bought a potion of might for 48 gold pieces
 20033 | Orc:2    | Bought a potion of might for 48 gold pieces
 20033 | Orc:2    | Bought a potion of haste for 120 gold pieces
 20033 | Orc:2    | Bought a potion of resistance for 120 gold pieces
 20033 | Orc:2    | Bought a potion of berserk rage for 60 gold pieces
 20033 | Orc:2    | Bought a potion of haste for 120 gold pieces
 20235 | Orc:2    | Found an iron altar of Okawaru.
 20440 | Orc:2    | Killed spandex3's ghost
 20520 | D:10     | Entered Level 10 of the Dungeon
 20553 | D:10     | Reached XP level 15. HP: 141/141 MP: 17/17
 21245 | D:11     | Found Tecuel's Assorted Antiques.
 21262 | D:11     | Bought a potion of might for 112 gold pieces
 21262 | D:11     | Bought an ichor-stained scale mail for 252 gold pieces
 21289 | D:11     | Identified the cursed +1 scale mail "Quoq" {rF+ rC+ Dex-4}
                  | (You bought it in a shop on level 11 of the Dungeon)
 21617 | D:11     | Found Kujamp's Book Emporium.
 21702 | D:11     | Found Paehair's Armour Shoppe.
 21827 | D:11     | Found Semu Wuth's Gadget Shoppe.
 21955 | D:12     | Noticed Sonja
 21972 | D:12     | Killed Sonja
 22703 | D:13     | Noticed Nessos
 22724 | D:13     | Killed Nessos
 22777 | D:13     | Noticed Erolcha
 22779 | D:13     | Killed Erolcha
 23162 | D:13     | Received a gift from Okawaru
 23807 | D:13     | Gained mutation: Your system is resistant to poisons.
                  | (rPois) [potion of mutation]
 23807 | D:13     | Gained mutation: You are resistant to electric shocks.
                  | (rElec) [potion of mutation]
 23807 | D:13     | Gained mutation: You are partially covered in icy blue
                  | scales. (AC +2) [potion of mutation]
 23946 | D:14     | Noticed Frances
 23959 | D:14     | Killed Frances
 24003 | D:14     | Reached skill level 5 in Invocations
 24010 | D:14     | Found a gate to the Vaults.
 24669 | D:15     | Entered Level 15 of the Dungeon
 24800 | D:15     | Received a gift from Okawaru
 25048 | D:15     | Reached ****** piety under Okawaru
 25055 | D:15     | Reached XP level 16. HP: 135/155 MP: 15/18
 25132 | D:15     | Received a gift from Okawaru
 25240 | D:15     | Found a staircase to the Depths.
 25899 | Snake:1  | Entered Level 1 of the Snake Pit
 26397 | Snake:1  | Found Rakeasu's Antique Armour Shoppe.
 26409 | Snake:1  | Bought an ichor-stained hat for 324 gold pieces
 26419 | Snake:1  | Identified the +2 hat of Curiosity {MR+ rCorr Str+5 Slay+3}
                  | (You bought it in a shop on level 1 of the Snake Pit)
 26846 | Snake:1  | Reached skill level 10 in Shields
 27169 | Snake:2  | Received a gift from Okawaru
 27244 | Snake:2  | Received a gift from Okawaru
 28804 | Snake:3  | Reached XP level 17. HP: 155/166 MP: 12/20
 29209 | Snake:3  | Received a gift from Okawaru
 29477 | Snake:3  | Found Asuy's Antique Armour Boutique.
 29485 | Snake:3  | Bought a shiny large shield for 202 gold pieces
 29629 | Snake:3  | Received a gift from Okawaru
 30427 | Snake:4  | Entered Level 4 of the Snake Pit
 30520 | Snake:4  | Received a gift from Okawaru
 30532 | Snake:4  | Got a smoking broad axe {god gift}
 30565 | Snake:4  | Identified the +4 broad axe "Wutt" {chop, rC+ Str+4}
                  | (Okawaru gifted it to you on level 4 of the Snake Pit)
 30795 | Snake:4  | Found a white marble altar of Elyvilon.
 30799 | Snake:4  | Found Gohou's Magic Scroll Shop.
 30807 | Snake:4  | Bought a scroll of enchant armour for 120 gold pieces
 30827 | Snake:4  | Found Nogi's Magic Scroll Emporium.
 30827 | Snake:4  | Found Tuhymmen's Book Shoppe.
 30923 | Snake:4  | Got a smoking golden ring
 31209 | Snake:4  | Received a gift from Okawaru
 31285 | Snake:4  | Reached XP level 18. HP: 79/178 MP: 12/21
 31328 | Snake:4  | Received a gift from Okawaru
 31570 | Snake:4  | Got a transparent war axe {god gift}
 31571 | Snake:4  | Identified the +7 war axe of Shrieking Terror {flame,
                  | +Blink Str-2 Int+4} (Okawaru gifted it to you on level 4 of
                  | the Snake Pit)
 32000 | Snake:4  | Got a serpentine rune of Zot
 32264 | Shoals:1 | Entered Level 1 of the Shoals
 32736 | Shoals:1 | Identified the ring of Panentheism {+Blink Dex+4} (You
                  | found it on level 4 of the Snake Pit)
 32835 | Shoals:1 | Noticed Nikola
 32845 | Shoals:1 | Killed Nikola
 33154 | Shoals:2 | Found the +3 robe of Clouds {+Fly rElec}
 33531 | Shoals:2 | Received a gift from Okawaru
 34047 | Shoals:3 | Noticed Polyphemus
 34060 | Shoals:3 | Killed Polyphemus
 34344 | Shoals:3 | Found Zeipriv's Food Shoppe.
 34613 | Shoals:4 | Entered Level 4 of the Shoals
 34671 | Shoals:4 | Reached XP level 19. HP: 152/189 MP: 19/22
 34824 | Shoals:4 | Received a gift from Okawaru
 34860 | Shoals:4 | Noticed Ilsuiw
 34873 | Shoals:4 | Got a barnacled rune of Zot
 34934 | Shoals:4 | Killed Ilsuiw
 35635 | Shoals:4 | Got a brightly glowing platinum ring
 35690 | Shoals:4 | Identified the ring "Qemetiep" {Str+3 Dex+4} (You found it
                  | on level 4 of the Shoals)
 36022 | Shoals:4 | Got a diamond-encrusted scale mail
 36033 | Shoals:4 | Identified the cursed +1 scale mail "Vusch" {rF+ rN+ Regen+
                  | Int-5} (You found it on level 4 of the Shoals)
 36219 | Elf:1    | Entered Level 1 of the Elven Halls
 36223 | Elf:1    | Reached skill level 15 in Shields
 36522 | Elf:1    | Received a gift from Okawaru
 36935 | Elf:2    | Received a gift from Okawaru
 37118 | Elf:2    | Found a runed gate.
 37118 | Elf:2    | Found a runed gate.
 37119 | Elf:2    | Found a runed gate.
 37151 | Elf:2    | Found Hicerio's Armour Shop.
 37171 | Elf:2    | Got an ancient brass ring
 37172 | Elf:2    | Identified 3 scrolls of acquirement
 37173 | Elf:2    | Identified the ring "Ataek" {rC+ rN+ MR+ Int+10 Stlth+}
                  | (You found it on level 2 of the Elven Halls)
 37574 | Elf:2    | Received a gift from Okawaru
 37579 | Elf:2    | Got a fine ring mail {god gift}
 37590 | Elf:2    | Identified the +3 ring mail of the Mantidfly {Regen+ rCorr
                  | Str+7 Dex-3} (Okawaru gifted it to you on level 2 of the
                  | Elven Halls)
 37955 | Elf:3    | Entered Level 3 of the Elven Halls
 37997 | Elf:3    | Reached XP level 20. HP: 200/200 MP: 24/24
 38319 | Elf:3    | Got a vibrating amber ring
 38347 | Elf:3    | Got a fine silver ring
 38523 | Elf:3    | Identified the ring of Adduaf {rPois rF+ rN+ MR++ Int+4}
                  | (You took it off a deep elf demonologist on level 3 of the
                  | Elven Halls)
 38524 | Elf:3    | Identified the ring "Wekastrei" {Wiz Int+5} (You took it
                  | off a deep elf elementalist on level 3 of the Elven Halls)
 38581 | Elf:3    | Received a gift from Okawaru
 38591 | Elf:3    | Got a pair of ichor-stained gloves
 38602 | Elf:3    | Identified the +2 pair of gloves "Unge" {rElec} (You
                  | acquired it on level 3 of the Elven Halls)
 38961 | Elf:3    | Got a translucent plate armour
 38972 | Elf:3    | Identified the +10 plate armour of Muhikesm {rPois Stlth+}
                  | (You found it on level 3 of the Elven Halls)
 38998 | Elf:3    | Found the +10 Black Knight's horse barding {ponderous,
                  | rPois rN+}
 39003 | Elf:3    | Got a polished ring mail
 39010 | Elf:3    | Identified the Incunabulum of Unstable Ice
 39012 | Elf:3    | Identified Ytsanoown's Incunabulum of Black Arts
 39034 | Elf:3    | Got a flickering silver ring
 39036 | Elf:3    | Identified Rokur's Grimoire of Creative Air
 39040 | Elf:3    | Identified the Collected Works on the Fiery Frostbite
 39058 | Elf:3    | Identified the +5 ring mail of Omission {*Corrode +Blink
                  | rPois MP+9} (You found it on level 3 of the Elven Halls)
 39061 | Elf:3    | Identified the ring "Cuav" {rPois rC+ Str+7 Dex-2} (You
                  | found it on level 3 of the Elven Halls)
 39076 | Elf:3    | Identified the Volume of Translocation and Black Secrets
 39107 | Elf:3    | Identified the +7 falchion "Orb Guardian's Curse" {flame,
                  | *Rage +Blink rPois Int+4} (You found it on level 3 of the
                  | Elven Halls)
 39200 | Elf:3    | Found the +3 Elemental Staff {rElec rF++ rC++ MR++ AC+5}
 39547 | Vaults:1 | Entered Level 1 of the Vaults
 39554 | Vaults:1 | Received a gift from Okawaru
 39667 | Vaults:1 | Received a gift from Okawaru
 39728 | Vaults:1 | Received a gift from Okawaru
 39854 | Vaults:1 | Received a gift from Okawaru
 40131 | Vaults:1 | Got a warped bone ring
 40134 | Vaults:1 | Identified the ring "Olatsog" {MR+ Slay+1} (You took it off
                  | an orc on level 1 of the Vaults)
 40451 | Vaults:1 | Got a steaming scale mail
 40452 | Vaults:1 | Identified the cursed +0 scale mail of Faotoke {+Blink
                  | Str-3 Int+2} (You found it on level 1 of the Vaults)
 40734 | Vaults:2 | Reached XP level 21. HP: 211/211 MP: 25/25
 40753 | Vaults:2 | Received a gift from Okawaru
 40790 | Vaults:2 | Noticed Mara
 40793 | Vaults:2 | Noticed Americanboy's illusion
 40822 | Vaults:2 | Killed Mara
 40822 | Vaults:2 | Received a gift from Okawaru
 40827 | Vaults:2 | Got shimmering swamp dragon scales {god gift}
 40828 | Vaults:2 | Identified the +3 swamp dragon scales "Nyips" {rPois rN+
                  | Int+4} (Okawaru gifted it to you on level 2 of the Vaults)
 41375 | Vaults:2 | Paralysed by a hornet for 2 turns
 41627 | Vaults:2 | Found Impasemoq's Gadget Boutique.
 41729 | Vaults:3 | Received a gift from Okawaru
 42221 | Vaults:3 | Noticed Saint Roka
 42230 | Vaults:3 | Killed Saint Roka
 42417 | Vaults:3 | Found a staircase to the Crypt.
 42426 | Crypt:1  | Entered Level 1 of the Crypt
 42447 | Crypt:1  | Reached XP level 22. HP: 186/222 MP: 26/26
 42917 | Crypt:1  | Noticed Bai Suzhen
 42928 | Crypt:1  | Killed Bai Suzhen
 42928 | Crypt:1  | Received a gift from Okawaru
 43077 | Crypt:2  | Noticed a greater mummy
 43082 | Crypt:2  | Noticed Khufu
 43086 | Crypt:2  | Killed a greater mummy
 43196 | Crypt:2  | Found a huge runed gate.
 43196 | Crypt:2  | Found a huge runed gate.
 43196 | Crypt:2  | Found a huge runed gate.
 43197 | Crypt:2  | Found a huge runed gate.
 43198 | Crypt:2  | Found a huge runed gate.
 43198 | Crypt:2  | Found a huge runed gate.
 43318 | Crypt:2  | Found a huge runed gate.
 43318 | Crypt:2  | Found a huge runed gate.
 43327 | Crypt:2  | Noticed Jory
 43331 | Crypt:2  | Reached skill level 27 in Axes
 43357 | Crypt:2  | Killed Jory
 43375 | Crypt:2  | Got a glittering amber ring
 43381 | Crypt:2  | Identified the ring of Sisukh {rN+ Int+3 Stlth+} (You found
                  | it on level 2 of the Crypt)
 43419 | Crypt:2  | Killed Khufu
 43419 | Crypt:2  | Received a gift from Okawaru
 44063 | Crypt:3  | Entered Level 3 of the Crypt
 44321 | Crypt:3  | Identified the +2 helmet of Citair {Regen+ rCorr} (You
                  | found it on level 3 of the Crypt)
 44526 | Crypt:3  | Found a staircase to the Tomb.
 44556 | Crypt:3  | Got a warped copper ring
 44579 | Crypt:3  | Identified the ring "Isofiat" {rN+ MR+} (You found it on
                  | level 3 of the Crypt)
 44976 | Crypt:3  | Found an ancient bone altar of Kikubaaqudgha.
 44988 | Crypt:3  | Noticed an ancient lich
 44996 | Crypt:3  | Killed an ancient lich
 45184 | Crypt:3  | Got a translucent plate armour
 45193 | Crypt:3  | Received a gift from Okawaru
 45197 | Crypt:3  | Identified the +10 plate armour "Wiaqah" {+Inv rElec Int+5
                  | Stlth-} (You found it on level 3 of the Crypt)
 45258 | Crypt:3  | Reached XP level 23. HP: 223/232 MP: 27/27
 46059 | Vaults:3 | Noticed Asterion
 46069 | Vaults:3 | Killed Asterion
 46749 | Orc:2    | Bought a potion of curing for 36 gold pieces
 46749 | Orc:2    | Bought a potion of curing for 36 gold pieces
 46749 | Orc:2    | Bought a potion of agility for 48 gold pieces
 46749 | Orc:2    | Bought a potion of invisibility for 96 gold pieces
 46749 | Orc:2    | Bought a potion of agility for 48 gold pieces
 46749 | Orc:2    | Bought a potion of ambrosia for 96 gold pieces
 46749 | Orc:2    | Bought a potion of curing for 36 gold pieces
 46749 | Orc:2    | Bought a potion of curing for 36 gold pieces
 46749 | Orc:2    | Bought a potion of mutation for 96 gold pieces
 46751 | Orc:2    | Bought a potion of ambrosia for 104 gold pieces
 46751 | Orc:2    | Bought a potion of curing for 39 gold pieces
 46751 | Orc:2    | Bought a potion of curing for 39 gold pieces
 47143 | Vaults:4 | Identified the Catalogue of Glacial Augmentations
 47879 | Vaults:4 | Received a gift from Okawaru
 48031 | Vaults:5 | Entered Level 5 of the Vaults
 48045 | Vaults:5 | Received a gift from Okawaru
 48062 | Vaults:5 | Received a gift from Okawaru
 48122 | Vaults:5 | Reached skill level 27 in Fighting
 48140 | Vaults:5 | Reached XP level 24. HP: 210/249 MP: 28/28
 48299 | Vaults:5 | Received a gift from Okawaru
 48522 | Vaults:5 | Got an ichor-stained plate armour
 48533 | Vaults:5 | Identified the +5 plate armour "Geinnuce" {-Cast rElec
                  | rF+++ Dex+3} (You found it on level 5 of the Vaults)
 48699 | Vaults:5 | Received a gift from Okawaru
 48811 | Vaults:5 | Noticed an ancient lich
 48823 | Vaults:5 | Killed an ancient lich
 48851 | Vaults:5 | Noticed an ancient lich
 48857 | Vaults:5 | Killed an ancient lich
 48876 | Vaults:5 | Got a fine buckler
 48933 | Vaults:5 | Identified the +2 buckler of Ceorani {*Slow rF+ Str+4} (You
                  | found it on level 5 of the Vaults)
 48988 | Vaults:5 | Got a wavering tin ring
 49103 | Vaults:5 | Identified the Volume of the Rocks
 49109 | Vaults:5 | Got a silver rune of Zot
 49113 | Vaults:5 | Learned a level 2 spell: Passwall
 49116 | Vaults:5 | Learned a level 2 spell: Song of Slaying
 49119 | Vaults:5 | Learned a level 2 spell: Swiftness
 49682 | Depths:1 | Entered Level 1 of the Depths
 49719 | Depths:1 | Found a gateway to Hell.
 49747 | Depths:1 | Identified the ring "Vuc Kudwul" {Fire rElec MR+} (You took
                  | it off a yaktaur captain on level 5 of the Vaults)
 49766 | Depths:1 | Found a one-way gate to the infinite horrors of the Abyss.
 50310 | Depths:1 | Reached XP level 25. HP: 246/257 MP: 28/28
 50433 | Depths:2 | Found a gateway to a ziggurat.
 50436 | Depths:2 | Paralysed by a floating eye for 3 turns
 50446 | Depths:2 | Paralysed by a floating eye for 4 turns
 50475 | Depths:2 | Paralysed by a floating eye for 2 turns
 50480 | Depths:2 | Paralysed by a floating eye for 4 turns
 50512 | Depths:2 | Received a gift from Okawaru
 50518 | Depths:2 | Reached skill level 10 in Dodging
 50526 | Depths:2 | Reached skill level 15 in Armour
 50664 | Depths:2 | Got an opalescent robe
 50675 | Depths:2 | Identified the cursed +1 robe "Bopruborr" {rElec rPois}
                  | (You found it on level 2 of the Depths)
 50813 | Depths:2 | Paralysed by a floating eye for 2 turns
 50822 | Depths:2 | Paralysed by a floating eye for 4 turns
 51052 | Depths:2 | Found an ancient bone altar of Kikubaaqudgha.
 51248 | Depths:2 | Received a gift from Okawaru
 51251 | Depths:2 | Got a bloodstained robe {god gift}
 51262 | Depths:2 | Identified the +1 robe of Compression {*Slow +Blink rF+++
                  | rCorr Str-4} (Okawaru gifted it to you on level 2 of the
                  | Depths)
 51773 | Depths:3 | Paralysed by a floating eye for 2 turns
 51866 | Depths:3 | Reached skill level 27 in Shields
 51984 | Depths:3 | Received a gift from Okawaru
 52095 | Depths:3 | Reached skill level 10 in Invocations
 52118 | Depths:3 | Found a one-way gate leading to the halls of Pandemonium.
 52258 | Depths:3 | Identified a +2 pair of boots of running (You acquired it
                  | on level 3 of the Depths)
 52686 | Depths:4 | Received a gift from Okawaru
 52755 | Depths:4 | Got a polished battleaxe
 52756 | Depths:4 | Identified the +3 battleaxe of Greatest Utility {chop,
                  | rN+++ Str-5 Dex-3 Stlth+} (You found it on level 4 of the
                  | Depths)
 52784 | Depths:4 | Reached XP level 26. HP: 261/266 MP: 29/29
 52981 | Depths:4 | Noticed Louise
 52991 | Depths:4 | Killed Louise
 53178 | Depths:4 | Got a scorched shield
 53179 | Depths:4 | Identified the +4 shield "Qaiponoq" {rN+ Dex+3} (You
                  | acquired it on level 4 of the Depths)
 53665 | Depths:5 | Entered Level 5 of the Depths
 53703 | Depths:5 | Noticed Xtahua
 53706 | Depths:5 | Killed Xtahua
 53838 | Depths:5 | Learned a level 3 spell: Regeneration
 53852 | Depths:5 | Found a gate to the Realm of Zot.
 53862 | Depths:5 | Received a gift from Okawaru
 53878 | Depths:5 | Noticed an ancient lich
 53891 | Depths:5 | Paralysed by a floating eye for 4 turns
 53905 | Depths:5 | Killed an ancient lich
 53948 | Depths:5 | Got a clouded steel amulet
 53966 | Depths:5 | Got a transparent large shield
 53967 | Depths:5 | Identified the +0 large shield "Toorch" {rC+ Str+7} (You
                  | acquired it on level 5 of the Depths)
 53968 | Depths:5 | Identified the amulet of Qallulae {Gourm rElec rPois Str+4
                  | Int-3} (You found it on level 5 of the Depths)
 54104 | Depths:5 | Reached skill level 1 in Charms
 54153 | Depths:5 | Reached skill level 1 in Spellcasting
 54312 | Depths:5 | Received a gift from Okawaru
 54470 | Depths:5 | Identified the Papyrus of Creation and Protection
 54519 | Depths:5 | Got a pair of ichor-stained boots
 54520 | Depths:5 | Identified the +0 pair of boots of Agnosticism {-Cast rElec
                  | Dex+2} (You acquired it on level 5 of the Depths)
 54564 | Depths:5 | Learned a level 1 spell: Apportation
 55515 | Slime:1  | Entered Level 1 of the Pits of Slime
 55529 | Slime:1  | Gained mutation: You are weak. (Str -2) [a shining eye]
 55531 | Slime:1  | Gained mutation: You are dopey. (Int -2) [a shining eye]
 55728 | Slime:1  | Reached XP level 27. HP: 260/273 MP: 31/31
 56350 | Slime:3  | Gained mutation: You are very weak. (Str -4) [a shining
                  | eye]
 56732 | Slime:4  | Reached skill level 5 in Spellcasting
 56859 | Slime:5  | Entered Level 5 of the Pits of Slime
 56876 | Slime:5  | Reached skill level 1 in Necromancy
 56900 | Slime:5  | Noticed the Royal Jelly
 56922 | Slime:5  | Found a viscous altar of Jiyva.
 56945 | Slime:5  | Killed the Royal Jelly
 56945 | Slime:5  | Received a gift from Okawaru
 56970 | Slime:5  | Identified Qiuqiuj's Almanac of Flames and Stones
 57008 | Slime:5  | Got a brightly glowing chain mail
 57021 | Slime:5  | Identified the cursed +0 chain mail "Musef" {rN+} (You
                  | found it on level 5 of the Pits of Slime)
 57044 | Slime:5  | Got a slimy rune of Zot
 57062 | Slime:5  | Got a jewelled buckler
 57064 | Slime:5  | Identified the +5 buckler "Qodyl" {rC- Str+2 Dex+6 SInv}
                  | (You found it on level 5 of the Pits of Slime)
 57159 | Slime:5  | Identified An Early Guide to the Arcane Arts
 57249 | Slime:5  | Gained mutation: Armour fits poorly on your strangely
                  | shaped body. [a shining eye]
 57377 | Slime:5  | Lost mutation: Armour fits poorly on your strangely shaped
                  | body. [potion of mutation]
 57377 | Slime:5  | Lost mutation: You are partially covered in icy blue
                  | scales. (AC +2) [potion of mutation]
 57377 | Slime:5  | Lost mutation: You are very weak. (Str -4) [potion of
                  | mutation]
 57377 | Slime:5  | Gained mutation: Your body sometimes deteriorates upon
                  | taking damage. [potion of mutation]
 57377 | Slime:5  | Gained mutation: You do not regenerate when monsters are
                  | visible. [potion of mutation]
 57377 | Slime:5  | Gained mutation: You are robust. (+10% HP) [potion of
                  | mutation]
 57378 | Slime:5  | Lost mutation: You are weak. (Str -2) [potion of mutation]
 57378 | Slime:5  | Lost mutation: Your body sometimes deteriorates upon taking
                  | damage. [potion of mutation]
 57378 | Slime:5  | Lost mutation: You do not regenerate when monsters are
                  | visible. [potion of mutation]
 57378 | Slime:5  | Lost mutation: You are dopey. (Int -2) [potion of mutation]
 57378 | Slime:5  | Gained mutation: You passively map a small area around you.
                  | [potion of mutation]
 57378 | Slime:5  | Gained mutation: You are partially covered in iridescent
                  | scales. (AC +2) [potion of mutation]
 57378 | Slime:5  | Lost mutation: You are resistant to electric shocks.
                  | (rElec) [potion of mutation]
 57378 | Slime:5  | Gained mutation: Your spells are a little harder to cast,
                  | but a little more powerful. [potion of mutation]
 58183 | Hell     | Entered the Vestibule of Hell
 58183 | Hell     | Noticed Murray
 58183 | Hell     | Noticed Geryon
 58200 | Hell     | Killed Murray
 58208 | Hell     | Gained mutation: You occasionally shout uncontrollably at
                  | your foes. [a cacodemon]
 58234 | Hell     | Reached skill level 5 in Charms
 58236 | Hell     | Killed Geryon
 58333 | Hell     | Found a gateway to the freezing wastes of Cocytus.
 58459 | Hell     | Found a gateway to the Iron City of Dis.
 58618 | Hell     | Found a gateway to the decaying netherworld of Tartarus.
 58716 | Hell     | Found a gateway to the ashen valley of Gehenna.
 58932 | Depths:4 | Voluntarily entered the Abyss.
 59236 | Abyss:3  | Paralysed by accursed screaming for 2 turns
 59295 | Abyss:3  | Got a twisted large shield
 59427 | Abyss:3  | Gained mutation: Your body sometimes deteriorates upon
                  | taking damage. [a neqoxec]
 59429 | Abyss:3  | Gained mutation: You do not regenerate when monsters are
                  | visible. [a neqoxec]
 59533 | Abyss:3  | Paralysed by you for 3 turns
 59539 | Abyss:3  | Received a gift from Okawaru
 59553 | Abyss:3  | Identified the cursed +0 large shield of Miracles {MR+}
                  | (You took it off a daeva on level 3 of the Abyss)
 59656 | Abyss:3  | Found a corrupted altar of Lugonu.
 59818 | Abyss:3  | Got a smelly leather armour
 59819 | Abyss:3  | Identified the +2 leather armour of Vlad {+Fly rF- rC+
                  | Str+8} (You found it on level 3 of the Abyss)
 59861 | Abyss:3  | Lost mutation: Your body sometimes deteriorates upon taking
                  | damage. [potion of mutation]
 59861 | Abyss:3  | Lost mutation: You are robust. (+10% HP) [potion of
                  | mutation]
 59861 | Abyss:3  | Lost mutation: Your spells are a little harder to cast, but
                  | a little more powerful. [potion of mutation]
 59861 | Abyss:3  | Lost mutation: You do not regenerate when monsters are
                  | visible. [potion of mutation]
 59861 | Abyss:3  | Gained mutation: Your body sometimes deteriorates upon
                  | taking damage. [potion of mutation]
 59861 | Abyss:3  | Gained mutation: You are resistant to hostile enchantments.
                  | (MR+) [potion of mutation]
 59862 | Abyss:3  | Lost mutation: Your system is resistant to poisons. (rPois)
                  | [potion of mutation]
 59862 | Abyss:3  | Lost mutation: You occasionally shout uncontrollably at
                  | your foes. [potion of mutation]
 59862 | Abyss:3  | Lost mutation: You passively map a small area around you.
                  | [potion of mutation]
 59862 | Abyss:3  | Gained mutation: You have a pair of large horns on your
                  | head. [potion of mutation]
 59862 | Abyss:3  | Gained mutation: You are robust. (+10% HP) [potion of
                  | mutation]
 59864 | Abyss:3  | Lost mutation: You have a pair of large horns on your head.
                  | [potion of mutation]
 59864 | Abyss:3  | Lost mutation: Your body sometimes deteriorates upon taking
                  | damage. [potion of mutation]
 59864 | Abyss:3  | Gained mutation: You do not regenerate when monsters are
                  | visible. [potion of mutation]
 59864 | Abyss:3  | Gained mutation: Your muscles are strong. (Str +2) [potion
                  | of mutation]
 59870 | Abyss:3  | Lost mutation: Your muscles are strong. (Str +2) [potion of
                  | mutation]
 59870 | Abyss:3  | Lost mutation: You are robust. (+10% HP) [potion of
                  | mutation]
 59870 | Abyss:3  | Gained mutation: Your muscles are strong. (Str +2) [potion
                  | of mutation]
 59870 | Abyss:3  | Gained mutation: You passively map a small area around you.
                  | [potion of mutation]
 59870 | Abyss:3  | Gained mutation: Your spells are a little harder to cast,
                  | but a little more powerful. [potion of mutation]
 59871 | Abyss:3  | Lost mutation: You are resistant to hostile enchantments.
                  | (MR+) [potion of mutation]
 59871 | Abyss:3  | Lost mutation: Your muscles are strong. (Str +2) [potion of
                  | mutation]
 59871 | Abyss:3  | Lost mutation: You passively map a small area around you.
                  | [potion of mutation]
 59871 | Abyss:3  | Lost mutation: Your spells are a little harder to cast, but
                  | a little more powerful. [potion of mutation]
 59871 | Abyss:3  | Gained mutation: Your body sometimes deteriorates upon
                  | taking damage. [potion of mutation]
 59871 | Abyss:3  | Gained mutation: You tend to lose your temper in combat.
                  | [potion of mutation]
 59871 | Abyss:3  | Gained mutation: Your flesh is heat resistant. (rF+)
                  | [potion of mutation]
 59871 | Abyss:3  | Lost mutation: You tend to lose your temper in combat.
                  | [potion of mutation]
 59872 | Abyss:3  | Lost mutation: Your body sometimes deteriorates upon taking
                  | damage. [potion of mutation]
 59872 | Abyss:3  | Lost mutation: You do not regenerate when monsters are
                  | visible. [potion of mutation]
 59872 | Abyss:3  | Lost mutation: Your flesh is heat resistant. (rF+) [potion
                  | of mutation]
 59872 | Abyss:3  | Gained mutation: You tend to lose your temper in combat.
                  | [potion of mutation]
 59872 | Abyss:3  | Gained mutation: Your system is resistant to poisons.
                  | (rPois) [potion of mutation]
 59873 | Abyss:3  | Lost mutation: You tend to lose your temper in combat.
                  | [potion of mutation]
 59873 | Abyss:3  | Lost mutation: Your system is resistant to poisons. (rPois)
                  | [potion of mutation]
 59873 | Abyss:3  | Lost mutation: You are partially covered in iridescent
                  | scales. (AC +2) [potion of mutation]
 59873 | Abyss:3  | Gained mutation: You are agile. (Dex +2) [potion of
                  | mutation]
 59873 | Abyss:3  | Gained mutation: You tend to lose your temper in combat.
                  | [potion of mutation]
 59873 | Abyss:3  | Gained mutation: You are partially covered in molten
                  | scales. (AC +2) [potion of mutation]
 59873 | Abyss:3  | Gained mutation: Your mind is acute. (Int +2) [potion of
                  | mutation]
 59874 | Abyss:3  | Lost mutation: You tend to lose your temper in combat.
                  | [potion of mutation]
 59874 | Abyss:3  | Lost mutation: You are agile. (Dex +2) [potion of mutation]
 59874 | Abyss:3  | Lost mutation: Your mind is acute. (Int +2) [potion of
                  | mutation]
 59874 | Abyss:3  | Gained mutation: You are partially covered in icy blue
                  | scales. (AC +2) [potion of mutation]
 59874 | Abyss:3  | Gained mutation: You are partially covered in slimy green
                  | scales. (AC +2) [potion of mutation]
 59874 | Abyss:3  | Gained mutation: Your muscles are strong. (Str +2) [potion
                  | of mutation]
 59874 | Abyss:3  | Gained mutation: You have supernaturally acute eyesight.
                  | (SInv) [potion of mutation]
 59946 | Abyss:4  | Lost mutation: Your muscles are strong. (Str +2) [a
                  | neqoxec]
 60049 | Abyss:4  | Found a corrupted altar of Lugonu.
 60096 | Abyss:4  | Paralysed by accursed screaming for 1 turns
 60128 | Abyss:4  | Got an abyssal rune of Zot
 60144 | Abyss:4  | Learned a level 2 spell: Shroud of Golubria
 60152 | Abyss:4  | Learned a level 2 spell: Blink
 60175 | Depths:4 | Escaped the Abyss
 60290 | Geh:1    | Entered Level 1 of Gehenna
 60421 | Geh:1    | Noticed an ancient lich
 60431 | Geh:1    | Killed an ancient lich
 60448 | Geh:1    | Reached skill level 15 in Dodging
 61378 | Geh:2    | Reached skill level 5 in Necromancy
 61601 | Geh:3    | Received a gift from Okawaru
 61728 | Geh:3    | Received a gift from Okawaru
 62082 | Geh:4    | Reached skill level 1 in Translocations
 63124 | Geh:6    | Received a gift from Okawaru
 63133 | Geh:6    | Reached skill level 15 in Invocations
 63192 | Geh:6    | Got a brightly glowing scale mail {god gift}
 63196 | Geh:6    | Identified the +5 scale mail of Guegg {Int+5 Dex+4}
                  | (Okawaru gifted it to you on level 6 of Gehenna)
 63457 | Geh:7    | Entered Level 7 of Gehenna
 63810 | Geh:7    | Noticed Asmodeus
 63975 | Geh:7    | Reached skill level 10 in Spellcasting
 64451 | Geh:7    | Received a gift from Okawaru
 64545 | Geh:7    | Killed Asmodeus
 64583 | Geh:7    | Got an obsidian rune of Zot
 64590 | Geh:7    | Got a slimy brass ring
 64593 | Geh:7    | Identified the ring "Vuecit" {Ice MR+ Int+4 Stlth-} (You
                  | found it on level 7 of Gehenna)
 64826 | Coc:1    | Entered Level 1 of Cocytus
 65075 | Coc:2    | Received a gift from Okawaru
 65148 | Coc:3    | Received a gift from Okawaru
 65289 | Coc:4    | Received a gift from Okawaru
 65523 | Coc:5    | Received a gift from Okawaru
 65873 | Coc:7    | Entered Level 7 of Cocytus
 66031 | Coc:7    | Reached skill level 10 in Charms
 66278 | Coc:7    | Received a gift from Okawaru
 66389 | Coc:7    | Received a gift from Okawaru
 66391 | Coc:7    | Noticed Antaeus
 66603 | Coc:7    | Received a gift from Okawaru
 66688 | Coc:7    | Killed Antaeus
 66688 | Coc:7    | Received a gift from Okawaru
 66697 | Coc:7    | Got an icy rune of Zot
 66728 | Coc:7    | Cast into level 5 of the Abyss (a Zot trap)
 66728 | Abyss:5  | Entered Level 5 of the Abyss
 66728 | Abyss:5  | Found a transporter.
 66729 | Abyss:5  | Found a corrupted altar of Lugonu.
 66754 | Abyss:5  | Received a gift from Okawaru
 66762 | Abyss:5  | Found a transporter.
 66863 | Abyss:5  | Gained mutation: You are dopey. (Int -2) [mutagenic glow]
 66900 | Coc:7    | Escaped the Abyss
 66933 | Coc:7    | Gained mutation: You are weak. (Str -2) [mutagenic glow]
 66956 | Coc:7    | Lost mutation: You are dopey. (Int -2) [mutagenic glow]
 67018 | Coc:7    | Lost mutation: You have supernaturally acute eyesight.
                  | (SInv) [mutagenic glow]
 67018 | Coc:7    | Gained mutation: Scrolls take you a little longer to read.
                  | [mutagenic glow]
 67071 | Coc:7    | Gained mutation: Your body sometimes deteriorates upon
                  | taking damage. [mutagenic glow]
 67131 | Coc:7    | Gained mutation: Armour fits poorly on your strangely
                  | shaped body. [mutagenic glow]
 67165 | Coc:7    | Gained mutation: You are dopey. (Int -2) [mutagenic glow]
 67221 | Hell     | Lost mutation: Your body sometimes deteriorates upon taking
                  | damage. [potion of mutation]
 67221 | Hell     | Lost mutation: You are dopey. (Int -2) [potion of mutation]
 67221 | Hell     | Gained mutation: You are agile. (Dex +2) [potion of
                  | mutation]
 67221 | Hell     | Gained mutation: You are robust. (+10% HP) [potion of
                  | mutation]
 67256 | Tar:1    | Entered Level 1 of Tartarus
 67406 | Tar:2    | Lost mutation: You are robust. (+10% HP) [mutagenic glow]
 67462 | Tar:3    | Received a gift from Okawaru
 67475 | Tar:3    | Gained mutation: You have a pair of large horns on your
                  | head. [mutagenic glow]
 68575 | Tar:6    | Received a gift from Okawaru
 68681 | Tar:7    | Entered Level 7 of Tartarus
 68717 | Tar:7    | Noticed an ancient lich
 68727 | Tar:7    | Killed an ancient lich
 68810 | Tar:7    | Reached skill level 5 in Translocations
 69066 | Tar:7    | Noticed an ancient lich
 69079 | Tar:7    | Killed an ancient lich
 69080 | Tar:7    | Killed an ancient lich
 69950 | Tar:7    | Got a scintillating brass ring
 69968 | Tar:7    | Identified the ring "Rirphareb" {+Blink rElec rN+ SInv
                  | Stlth+} (You found it on level 7 of Tartarus)
 69970 | Tar:7    | Got a distressingly furry ring mail
 69973 | Tar:7    | Identified the cursed +0 ring mail of Courage {rPois Str+3
                  | Int+5} (You found it on level 7 of Tartarus)
 70170 | Tar:7    | Noticed Ereshkigal
 70191 | Tar:7    | Received a gift from Okawaru
 70216 | Tar:7    | Killed Ereshkigal
 70235 | Tar:7    | Got a spiked shield {god gift}
 70246 | Tar:7    | Identified the +0 shield "Alui" {Stlth+} (Okawaru gifted it
                  | to you on level 7 of Tartarus)
 70288 | Tar:7    | Got a bone rune of Zot
 70502 | Dis:1    | Entered Level 1 of the Iron City of Dis
 70763 | Dis:3    | Lost mutation: You are agile. (Dex +2) [a cacodemon]
 70769 | Dis:3    | Gained mutation: You are very weak. (Str -4) [a cacodemon]
 70791 | Dis:3    | You fall through a shaft for 3 floors!
 70919 | Dis:7    | Entered Level 7 of the Iron City of Dis
 71502 | Dis:7    | Received a gift from Okawaru
 71552 | Dis:7    | Reached skill level 10 in Necromancy
 71656 | Dis:7    | Gained mutation: You are frail. (-10% HP) [mutagenic glow]
 71671 | Dis:7    | Received a gift from Okawaru
 71672 | Dis:7    | Found the +8 whip "Snakebite" {curare, rPois}
 71724 | Dis:7    | Gained mutation: Scrolls take you longer to read.
                  | [mutagenic glow]
 71770 | Dis:7    | Got a pitted war axe
 71771 | Dis:7    | Identified the cursed +0 war axe "Qecam" {chop, rC+ MR+
                  | Str+2} (You found it on level 7 of the Iron City of Dis)
 71798 | Dis:7    | Lost mutation: You are frail. (-10% HP) [mutagenic glow]
 71815 | Dis:7    | Got a jewelled war axe
 71816 | Dis:7    | Identified the Handbook of Lucky Heat
 71818 | Dis:7    | Identified the +6 war axe "Vuxaro" {chaos, Str+3} (You
                  | found it on level 7 of the Iron City of Dis)
 71908 | Dis:7    | Noticed Dispater
 71920 | Dis:7    | Gained mutation: You are frail. (-10% HP) [a cacodemon]
 71923 | Dis:7    | Gained mutation: Your magical capacity is low. (-10% MP) [a
                  | cacodemon]
 71945 | Dis:7    | Gained mutation: You are dopey. (Int -2) [a cacodemon]
 71964 | Dis:7    | Killed Dispater
 71976 | Dis:7    | Got an iron rune of Zot
 72229 | Depths:2 | Paralysed by a floating eye for 4 turns
 72237 | Depths:2 | Paralysed by a floating eye for 4 turns
 72247 | Depths:2 | Paralysed by a floating eye for 3 turns
 72274 | Depths:2 | Paralysed by a floating eye for 2 turns
 72740 | Tomb:1   | Entered Level 1 of the Tomb of the Ancients
 72898 | Tomb:1   | Received a gift from Okawaru
 72964 | Tomb:1   | Noticed a greater mummy
 72965 | Tomb:1   | Noticed a greater mummy
 72968 | Tomb:1   | Noticed a greater mummy
 73577 | Tomb:1   | Killed a greater mummy
 73577 | Tomb:1   | Received a gift from Okawaru
 73798 | Tomb:1   | Killed a greater mummy
 74083 | Tomb:2   | Noticed a greater mummy
 74083 | Tomb:2   | Noticed a greater mummy
 74083 | Tomb:2   | Noticed an ancient lich
 74086 | Tomb:2   | Noticed a greater mummy
 74103 | Tomb:2   | HP: 11/244 [mummy priest/divine providence (14)]
 74227 | Tomb:2   | Killed an ancient lich
 74240 | Tomb:2   | Killed a greater mummy
 74241 | Tomb:2   | HP: 10/245 [mummy priest/divine providence (15)]
 74247 | Tomb:2   | HP: 7/245 [bennu (13)]
 74248 | Tomb:2   | HP: 3/245 [bennu (3)]
 74263 | Tomb:2   | HP: 10/245 [bennu (11)]
 74264 | Tomb:2   | Slain by a bennu

Skill      XL: |  1  2  3  4  5  6  7  8  9 10 11 12 13 14 15 16 17 18 19 20 21 22 23 24 25 26 27 |
---------------+----------------------------------------------------------------------------------+-----
Fighting       | 4 5 6 7 9 11 12 13 15 17 18 20 21 23 24 25 27 | 27.0
Armour         | 4 5 6 7 8 9 10 11 12 13 14 16 19 26 | 26.6
Shields        | 4 5 6 7 8 9 10 11 14 16 17 18 20 21 24 27 | 27.0
Axes           | 3 4 5 6 7 10 12 14 16 18 19 20 21 22 23 24 25 26 27 | 27.0
Dodging        | 1 2 3 4 5 6 7 8 9 10 12 21 | 21.4
Invocations    | 1 2 3 4 5 6 7 8 9 10 12 16 | 16.9
Bows           | 3 5 6 |  6.3
Charms         | 3 13 | 13.5
Spellcasting   | 3 14 | 14.8
Necromancy     | 10 | 10.4
Translocations | 6 |  6.5
Stealth        | |  0.5
Evocations     | |  0.4

Action                   |  1- 3 |  4- 6 |  7- 9 | 10-12 | 13-15 | 16-18 | 19-21 | 22-24 | 25-27 || total
-------------------------+-------+-------+-------+-------+-------+-------+-------+-------+-------++-------
Melee: War axe           |    90 |   109 |   208 |       |       |   431 |  1200 |    23 |       ||  2061
       Headbutt          |    12 |    15 |    42 |    81 |   218 |   248 |   314 |   390 |  1888 ||  3208
       Battleaxe         |       |       |    24 |   437 |   941 |   471 |       |       |       ||  1873
       Broad axe         |       |       |       |       |       |   219 |       |  1100 |  5502 ||  6821
 Fire: Shortbow          |       |       |       |    26 |   103 |       |       |       |       ||   129
       Longbow           |       |       |       |       |    39 |       |       |       |       ||    39
Throw: Throwing net      |       |       |       |     1 |     1 |       |       |       |       ||     2
 Cast: Song of Slaying   |       |       |       |       |       |       |       |     1 |   132 ||   133
       Regeneration      |       |       |       |       |       |       |       |       |   218 ||   218
       Shroud of Golubri |       |       |       |       |       |       |       |       |   120 ||   120
Invok: Heroism           |       |       |     7 |    27 |    32 |    20 |    10 |    14 |    56 ||   166
       Finesse           |       |       |       |     7 |    14 |    12 |     7 |    12 |    53 ||   105
 Abil: Evoke Invisibilit |       |       |       |       |       |       |       |     1 |       ||     1
  Use: Scroll            |       |     4 |     7 |     8 |    20 |     6 |    21 |    19 |    35 ||   120
       Potion            |       |     2 |     1 |     4 |     4 |     7 |       |     5 |    29 ||    52
 Stab: Held in net/web   |       |       |       |       |       |     1 |       |       |       ||     1
       Distracted        |       |       |       |       |       |       |     3 |     1 |     1 ||     5
       Paralysed         |       |       |       |       |       |       |       |    15 |   107 ||   122
       Confused          |       |       |       |       |       |       |       |     5 |    30 ||    35
       Petrifying        |       |       |       |       |       |       |       |     5 |    31 ||    36
       Petrified         |       |       |       |       |       |       |       |     2 |    13 ||    15
       Invisible         |       |       |       |       |       |       |       |       |     3 ||     3
  Eat: Ration            |       |     1 |     5 |     3 |    15 |     9 |     6 |     8 |    29 ||    76
       Chunk             |       |     1 |       |     1 |     2 |     2 |     3 |     1 |       ||    10
Armor: Scale mail        |    49 |    39 |    43 |    43 |   142 |   276 |    40 |       |       ||   632
       Ring mail         |       |       |       |    69 |    60 |       |    16 |       |       ||   145
       Plate armour      |       |       |       |       |   239 |       |   111 |   160 |   994 ||  1504
Dodge: Dodged            |    35 |    51 |   102 |   231 |   327 |   258 |   125 |    85 |   831 ||  2045
Block: Shield            |     7 |       |       |       |       |       |       |       |       ||     7
       Buckler           |    32 |    48 |    76 |       |       |       |       |       |       ||   156
       Other             |       |       |       |    69 |   287 |   141 |       |       |     1 ||   498
       Reflection        |       |       |       |     1 |    32 |   122 |   178 |   114 |   146 ||   593
       Large shield      |       |       |       |       |       |   744 |  1180 |  1058 |  5210 ||  8192
